 Dungeon Crawl Stone Soup version 0.30-a0-297-g0ec75d9ef4 (webtiles) character file.

Game seed: 11142716518771889244

269 lonewolfV2 the Magician (level 6, 0/32 HPs)
             Began as a Deep Elf Venom Mage on Oct 20, 2022.
             Was an Initiate of Vehumet.
             Slain by an adder (3 damage)
             ... on level 4 of the Dungeon.
             The game lasted 00:12:16 (5719 turns).

lonewolfV2 the Magician (Deep Elf Venom Mage)       Turns: 5719, Time: 00:12:16

Health: 0/32       AC:  3    Str:  5    XL:     6   Next: 1%
Magic:  16/16      EV: 12    Int: 22    God:    Vehumet [......]
Gold:   127        SH:  0    Dex: 15    Spells: 9/16 levels left

rFire   . . .      SeeInvis .    (no weapon)
rCold   . . .      Faith    .    e - orb {*channel}
rNeg    . . .      Spirit   .    a - +1 robe
rPois   .          Reflect  .    (no helmet)
rElec   .          Harm     .    (no cloak)
rCorr   .          Rampage  .    (no gloves)
Will    .....                    (no boots)
Stlth   ++........               (no amulet)
HPRegen 0.25/turn                (no ring)
MPRegen 0.15/turn                (no ring)

@: very slightly contaminated
A: no striking features
a: Renounce Religion


You were on level 4 of the Dungeon.
You worshipped Vehumet.
Vehumet was noncommittal.
You visited 1 branch of the dungeon, and saw 4 of its levels.

You collected 127 gold pieces.

Inventory:

Armour
 a - a +1 robe (worn)
 e - an orb of energy (worn)
 h - an orb of light
Scrolls
 l - a scroll of magic mapping
 o - a scroll of enchant armour
Potions
 c - a potion of lignification {unknown}
 d - a potion of mutation {unknown}
 f - a potion of invisibility
 g - a potion of heal wounds {unknown}
 i - 2 potions of degeneration {unknown}
 j - a potion of flight {unknown}
 k - a potion of attraction {unknown}
 m - a potion of might
 n - a potion of berserk rage {unknown}
 p - a potion of brilliance {unknown}
 q - a potion of haste {unknown}
 r - a potion of curing {unknown}


   Skills:
 + Level 2.6 Dodging
 + Level 2.8 Stealth
 + Level 0.5 Unarmed Combat
 * Level 5.7 Spellcasting
 + Level 2.5 Transmutations
 + Level 1.0 Air Magic
 * Level 4.9 Poison Magic


You had 9 spell levels left.
You knew the following spells:

 Your Spells              Type           Power      Damage    Failure   Level
a - Sting                 Tmut/Pois      88%        1d7       1%          1
b - Poisonous Vapours     Pois/Air       38%        N/A       4%          2
c - Olgreb's Toxic Radia  Pois           28%        N/A       12%         4

Your spell library contained the following spells:

 Spells                   Type           Power      Damage    Failure   Level
 Passwall                 Tmut/Erth      9%         N/A       9%          2
 Sandblast                Erth           12%        2d6       10%         1
 Mephitic Cloud           Conj/Pois/Air  15%        N/A       12%         3
 Stone Arrow              Conj/Erth      12%        3d7       28%         3


Dungeon Overview and Level Annotations

Branches:
Dungeon (4/15)
 Temple: D:4-7

Altars:
Vehumet
The Shining One

Shops:
D:1 (


Message History

Confirm with . or Enter, or press ? or * to list all spells.
The spell is quite dangerous to miscast (12% risk of failure)!
Continue anyway?
You miscast Olgreb's Toxic Radiance.
You are very lightly contaminated with residual magic.
You feel rather nauseous for a moment!
You are poisoned.
You feel sick. The scorpion closely misses you. The adder misses you.
The scorpion stings you but does no damage.
Casting: Olgreb's Toxic Radiance (quite dangerous; 12% risk of failure)
Confirm with . or Enter, or press ? or * to list all spells.
The spell is quite dangerous to miscast (12% risk of failure)!
Continue anyway?
You miscast Olgreb's Toxic Radiance.
Nothing appears to happen.
You feel sick. The adder bites you but does no damage.
The scorpion stings you but does no damage.
Casting: Olgreb's Toxic Radiance (quite dangerous; 12% risk of failure)
Confirm with . or Enter, or press ? or * to list all spells.
Aiming: Sting (safe; 1% risk of failure)
Press: ? - help, Shift-Dir - straight line, f/p - scorpion
Aim: a scorpion (heavily wounded, poisoned, 76% to hit)
The sting hits the scorpion but does no damage.
The scorpion looks even sicker.
The scorpion is heavily wounded.
You feel sick. The adder completely misses you. The scorpion stings you.
The adder closely misses you.
You hit the adder.
The adder is almost dead.
You feel sick. The scorpion stings you!
* * * LOW HITPOINT WARNING * * *
The adder bites you.
* * * LOW HITPOINT WARNING * * *
You miss the adder.
The adder is severely wounded.
You feel sick.
You are no longer poisoned.
The scorpion barely misses you. The adder bites you but does no damage.
Magic courses through your body.
You kill the scorpion!
Vehumet accepts your kill. The adder barely misses you. The adder bites you.
You die...

###........## . .
#>.#.....## .#.##
##.#......###.#..#.
###......#........
##....†.........
#......##......
#.............:
#...##...###..
#.... ##@..#
#....#..S###
#....###... ##...
#.... #### ......
........ .........
##.......##


You could see an adder (poisoned).

Vanquished Creatures
  2 scorpions (D:4)
  Crazy Yiuf (D:2)
  Terence (D:2)
  An orc wizard (D:4)
  5 adders
  3 worms (D:2)
  4 dart slugs
  5 orcs (D:4)
  4 endoplasms
  4 goblins
  5 hobgoblins
  7 kobolds
  2 quokkas (D:1)
  8 ball pythons
  10 bats
  12 frilled lizards
  2 rats (D:1)
76 creatures vanquished.

Notes
Turn   | Place    | Note
-------+----------+-------------------------------------------
     0 | D:1      | lonewolfV2 the Deep Elf Venom Mage began the quest for the
                  | Orb.
     0 | D:1      | Reached XP level 1. HP: 10/10 MP: 6/6
   244 | D:1      | Found Hiqoa's Weapon Shoppe.
   377 | D:1      | Reached XP level 2. HP: 13/15 MP: 5/8
   416 | D:1      | Learned a level 2 spell: Poisonous Vapours
  1312 | D:2      | Reached XP level 3. HP: 19/19 MP: 0/10
  2601 | D:2      | Noticed Terence
  2610 | D:2      | Killed Terence
  2611 | D:2      | Reached skill level 4 in Spellcasting
  2611 | D:2      | Reached XP level 4. HP: 1/24 MP: 2/12
  2817 | D:2      | Learned a level 4 spell: Olgreb's Toxic Radiance
  2824 | D:2      | Found a faded altar of an unknown god.
  3120 | D:2      | Found a runed translucent door.
  3121 | D:2      | Noticed Crazy Yiuf
  3952 | D:2      | Killed Crazy Yiuf
  4367 | D:3      | Reached XP level 5. HP: 28/28 MP: 8/14
  4636 | D:3      | Found a glowing golden altar of the Shining One.
  4638 | D:3      | Found a radiant altar of Vehumet.
  4664 | D:3      | Became a worshipper of Vehumet
  4785 | D:3      | Reached skill level 5 in Spellcasting
  5526 | D:4      | Reached skill level 1 in Air Magic
  5676 | D:4      | Reached XP level 6. HP: 25/32 MP: 11/16
  5719 | D:4      | Slain by an adder

Illustrated notes

Levels and vault maps discovered:
D:1:      dpeg_arrival_boxes_within_box, layout_loops_ring, serial_shops,
          nicolae_shop_bloodbath_and_beyond
D:2:      layout_basic, shapermc_ecumenical_altar_venn, minmay_lizard_pond,
          uniq_terence, uniq_crazy_yiuf_cottage
D:3:      layout_rooms, nicolae_overflow_squiral
D:4:      layout_cave_pools, hangedman_decor_opposing

Skill      XL: |  1  2  3  4  5 |
---------------+----------------+-----
Poison Magic   | 4 |  4.9
Spellcasting   | 4 5 |  5.7
Transmutations | 2 |  2.5
Air Magic      | 1 |  1.0
Dodging        | |  2.6
Stealth        | |  2.8
Unarmed Combat | |  0.5

Action                   |  1- 3 |  4- 6 || total
-------------------------+-------+-------++-------
Melee: Unarmed           |    46 |     8 ||    54
 Cast: Sting             |    63 |    60 ||   123
       Poisonous Vapours |    23 |    29 ||    52
       Olgreb's Toxic Ra |       |     5 ||     5
  Use: Scroll            |     5 |     2 ||     7
       Potion            |       |     2 ||     2
Armor: Robe              |     7 |     9 ||    16
Dodge: Dodged            |    33 |    38 ||    71

Table legend: (Time is in decaauts)
 A = Elapsed time spent in this place.
 B = Non-inter-level travel time spent in this place.
 C = Inter-level travel time spent in this place.
 D = Time resting spent in this place.
 E = Time spent auto-exploring this place.
 F = Levels seen in this place.
 G = Mean time per level.
                   A        B        C        D        E       F      G
               +--------+--------+--------+--------+--------+-----+--------+
         Total |   5718 |   5614 |    104 |   1688 |   3192 |   4 | 1429.5 |
       Dungeon |   5718 |   5614 |    104 |   1688 |   3192 |   4 | 1429.5 |
               +--------+--------+--------+--------+--------+-----+--------+

Top non-repeatable levels by time:
     D:2: 3111 daAuts
     D:1: 1144 daAuts
     D:3: 1122 daAuts
     D:4: 339 daAuts
